 Dungeon Crawl Stone Soup version 0.20.0 (webtiles) character file.

51 FakerFangirl the Cudgeler (level 3, -4/31 HPs)
             Began as a Draconian Fighter on May 26, 2017.
             Slain by fanggot's ghost (5 damage)
             ... on level 4 of the Dungeon.
             The game lasted 00:01:49 (1399 turns).

FakerFangirl the Cudgeler (Draconian Fighter)       Turns: 1399, Time: 00:01:50

Health: -4/31      AC:  5    Str: 18    XL:     3   Next: 58%
Magic:  3/3        EV: 10    Int:  8    God:
Gold:   57         SH:  9    Dex: 11    Spells: 2/2 levels left

rFire    . . .     SeeInvis .   Y - +1 flail
rCold    . . .     Gourm    .   b - +0 shield
rNeg     . . .     Faith    .   (armour unavailable)
rPois    .         Spirit   .   (helmet restricted)
rElec    .         Reflect  .   (no cloak)
rCorr    .         Harm     .   (no gloves)
MR       .....                  (no boots)
Stlth    +.........             (no amulet)
Regen    0.1/turn               (no ring)
MPRegen  0.1/turn               (no ring)

@: no status effects
A: unfitting armour, cold-blooded, AC +5
a: no special abilities


You were on level 4 of the Dungeon.
You were not hungry.

You visited 1 branch of the dungeon, and saw 3 of its levels.

You collected 57 gold pieces.


Innate Abilities, Weirdness & Mutations

Your plain brown scales are hard. (AC +5)
You cannot fit into any form of body armour.
You are cold-blooded and may be slowed by cold attacks.


   Skills:
 - Level 3.2 Fighting
 + Level 4.0 Maces & Flails
 - Level 2.6 Dodging
 - Level 3.0 Shields


You had 2 spell levels left.
You didn't know any spells.

Inventory:

Hand Weapons
 Y - a +1 flail (weapon)
Armour
 b - a +0 shield (worn)
Scrolls
 a - a scroll of identify
Potions
 c - a potion of might
 e - a potion of agility {unknown}
 h - 2 potions of invisibility {unknown}
 i - 2 potions of heal wounds {unknown}
Comestibles
 d - 3 bread rations
 f - 3 chunks of flesh
 j - 3 fruits

Dungeon Overview and Level Annotations

Branches:
Dungeon (4/15)
 Temple: D:4-7

Altars:

Annotations:
D:4 fanggot's ghost, amateur DsFi


Message History

Enter note:
(D) Dungeon
Where to? (* - list waypoints, Enter - D:2 @ (x,y), ? - help) Fanggot's ghost (amateur Demonspawn Fighter) comes into view.
Fanggot's ghost turns its malevolent gaze towards you.
You hit fanggot's ghost.
You tail-slap fanggot's ghost, but do no damage.
Fanggot's ghost is lightly damaged.
Fanggot's ghost hits you but does no damage.
Fanggot's ghost hits you!
You barely miss fanggot's ghost. You block fanggot's ghost's attack.
You barely miss fanggot's ghost. You block fanggot's ghost's attack.
You hit fanggot's ghost but do no damage.
Fanggot's ghost hits you!
You hit fanggot's ghost but do no damage.
You tail-slap fanggot's ghost, but do no damage.
Fanggot's ghost closely misses you. Fanggot's ghost hits you.
You die...

...........#
a........!.+
<..........#
...........#
.........#
#......#
#......#
#......#
#..@...#
#..W...#
#......#
#...<..#
#......#
#......#
###.....
#......


You could see fanggot's ghost.

Vanquished Creatures
  2 worms (D:2)
  2 dart slugs (D:1)
  A leopard gecko (D:2)
  6 bats
  2 giant cockroaches
  9 goblins
  A hobgoblin (D:1)
  2 jackals (D:1)
  A ball python (D:2)
  5 frilled lizards (D:1)
  6 kobolds
  2 rats
39 creatures vanquished.

Notes
Turn   | Place    | Note
-------+----------+-------------------------------------------
     0 | D:1      | FakerFangirl the Draconian Fighter began the quest for the Orb.
     0 | D:1      | Reached XP level 1. HP: 19/19 MP: 1/1
     0 | D:1      | 0 ||| counter = 40
   171 | D:1      | Reached XP level 2. HP: 25/26 MP: 2/2
   254 | D:1      | Reached skill level 3 in Maces & Flails
   637 | D:1      | Reached XP level 3. HP: 28/31 MP: 3/3
   827 | D:1      | 827 ||| READING 2 scrolls labeled QOPSUS YME.
   828 | D:1      | 828 ||| READING scroll labeled BAMAFA DUCIOS.
  1327 | D:2      | Reached skill level 4 in Maces & Flails
  1386 | D:2      | You fall through a shaft for 2 floors!
  1387 | D:4      | 1387 ||| Shafted from D:2 to D:4.
  1389 | D:4      | Noticed fanggot's ghost (amateur DsFi)
  1398 | D:4      | HP: 1/31 [fanggot's ghost (13)]
  1399 | D:4      | Slain by fanggot's ghost

Vault maps used:
D:1:      kilobyte_arrival_exit_the_forest, minmay_lizard_pond
D:4:      black_bear_nest_2, gammafunk_temple_overflow_elements, serial_shops,
          shop, first_bread, st_stairs_1, minmay_fountain_box,
          uniq_blork_the_orc

Skill      XL: |  1  2  3 |
---------------+----------+-----
Maces & Flails | 3 4 |  4.0
Fighting       | |  3.2
Dodging        | |  2.6
Shields        | |  3.0

Action                   || total
-------------------------++-------
Melee: Flail             ||   131
       Tailslap          ||    10
  Use: Scroll            ||     2
  Eat: Chunk             ||     2
Armor: Skin              ||    25
Dodge: Dodged            ||    45
Block: Shield            ||    55
